 Dungeon Crawl Stone Soup version 0.30.0-18-gc0e69614cb (webtiles) character file.

Game seed: 5383171153026069043

163 Brutalitops the Shooter (level 5, -1/37 HPs)
             Began as a Human Hexslinger on May 24, 2023.
             Was a Follower of Wu Jian.
             Slain by an adder (2 damage)
             ... on level 3 of the Dungeon.
             The game lasted 00:13:23 (2863 turns).

Brutalitops the Shooter (Human Hexslinger)          Turns: 2863, Time: 00:13:23

Health: -1/37      AC:  2    Str: 10    XL:     5   Next: 72%
Magic:  6/6        EV: 12    Int: 14    God:    Wu Jian [*.....]
Gold:   223        SH:  0    Dex: 15    Spells: 2/6 levels left

rFire   . . .        m - +1 dagger (drain)
rCold   . . .        (no shield)
rNeg    . . .        c - +0 robe
rPois   .            (no helmet)
rElec   .            (no cloak)
rCorr   .            (no gloves)
SInv    .            (no boots)
Will    .....        (no amulet)
Stlth   +            h - ring of wizardry
HPRegen 0.26/turn    (no ring)
MPRegen 0.10/turn

%: wizardry (x1)
@: mighty, lethally poisoned (-1 -> -4)
A: no striking features
a: Renounce Religion


You were on level 3 of the Dungeon.
You worshipped Wu Jian.
Wu Jian was aware of your devotion.
You visited 1 branch of the dungeon, and saw 3 of its levels.

You collected 223 gold pieces.

Inventory:

Hand Weapons
 a - a +1 sling
 j - a +2 sling of flaming
 m - a +1 dagger of draining (weapon)
Armour
 c - a +0 robe (worn)
Jewellery
 f - a ring of ice
 h - a ring of wizardry (left hand)
Scrolls
 b - a scroll of poison
Potions
 l - a potion of haste
 n - a potion of brilliance


   Skills:
 + Level 1.5 Fighting
 * Level 4.6 Ranged Weapons
 + Level 2.5 Dodging
 + Level 0.2 Stealth
 + Level 1.1 Spellcasting
 + Level 3.3 Hexes
 + Level 0.3 Translocations


You had 2 spell levels left.
You knew the following spells:

 Your Spells              Type           Power      Damage    Failure   Level
a - Slow                  Hex            40%        N/A       2%          1
b - Portal Projectile     Hex/Tloc       10%        N/A       16%         3

Your spell library contained the following spells:

 Spells                   Type           Power      Damage    Failure   Level
 Ensorcelled Hibernation  Hex/Ice        10%        N/A       9%          2
 Sublimation of Blood     Necr           0%         N/A       16%         2
 Inner Flame              Hex/Fire       5%         N/A       16%         3
 Cause Fear               Hex            5%         N/A       26%         4
 Spider Form              Tmut/Pois      0%         N/A       30%         3
 Anguish                  Hex/Necr       2%         N/A       45%         4
 Petrify                  Tmut/Erth      0%         N/A       67%         4
 Irradiate                Conj/Tmut      0%         3d11      94%         5


Dungeon Overview and Level Annotations

Branches:
Dungeon (3/15)

Altars:
Okawaru
Uskayaw
Wu Jian


Message History

You feel sick.
You feel sick. The adder bites you. The adder attacks as you move away!
The adder barely misses you.
You feel sick.
You are no longer poisoned.
You hit the adder.
The adder is moderately wounded.
The adder bites you.
You are poisoned.
The adder poisons you! The adder bites you.
You closely miss the adder.
The adder is moderately wounded.
You feel sick. The adder barely misses you.
You hit the adder.
The adder is heavily wounded.
You feel sick. The adder completely misses you.
You closely miss the adder.
The adder is heavily wounded.
You feel sick. The adder bites you.
You are more poisoned.
The adder poisons you! The adder bites you.
You are more poisoned.
The adder poisons you!
You closely miss the adder.
The adder is heavily wounded.
You feel very sick. The adder bites you.
* * * LOW HITPOINT WARNING * * *
You barely miss the adder.
The adder is heavily wounded.
You feel sick. The adder bites you.
* * * LOW HITPOINT WARNING * * *
You barely miss the adder.
The adder is heavily wounded.
* * * LOW HITPOINT WARNING * * *
You feel sick. The adder bites you.
* * * LOW HITPOINT WARNING * * *
You feel very mighty all of a sudden.
* * * LOW HITPOINT WARNING * * *
You feel sick. The adder closely misses you. The adder bites you.
You die...

[≈............#
#.....#####
≈≈.###.########
#....... )..#
#.#######
######### .###
#.#.....# ##
#.#.###.#
######.#.###.#
.............#####
######.#.........#
##........###@#
#.....##### #S#
##...## ###.####
##.## #.<..$.# #.#
#.#.##.# #.# #.#.#
.. ##'## # #.. ...
##...## ###. .#.
##.....## .h ..


You could see an adder.

Vanquished Creatures
  A howler monkey (D:3)
  3 gnolls (D:3)
  4 adders
  A worm (D:3)
  2 dart slugs
  An orc (D:3)
  5 endoplasms
  2 giant cockroaches
  6 goblins
  2 hobgoblins
  5 quokkas
  5 ball pythons
  9 bats
  4 frilled lizards
  4 kobolds
  5 rats
59 creatures vanquished.

Notes
Turn   | Place    | Note
-------+----------+-------------------------------------------
     0 | D:1      | Brutalitops the Human Hexslinger began the quest for the
                  | Orb.
     0 | D:1      | Reached XP level 1. HP: 15/15 MP: 2/2
   131 | D:1      | Reached XP level 2. HP: 21/21 MP: 3/3
   542 | D:1      | Reached XP level 3. HP: 26/26 MP: 4/4
   923 | D:2      | Reached skill level 3 in Ranged Weapons
  1001 | D:2      | Found a hide-covered altar of Uskayaw.
  1107 | D:2      | Learned a level 3 spell: Portal Projectile
  1380 | D:2      | Reached XP level 4. HP: 26/32 MP: 5/5
  2521 | D:3      | Found a faded altar of an unknown god.
  2525 | D:3      | Found an iron altar of Okawaru.
  2529 | D:3      | Prayed at the altar of an unknown god.
  2529 | D:3      | Became a worshipper of the Wu Jian Council
  2529 | D:3      | Reached * piety under Wu Jian
  2542 | D:3      | Reached skill level 4 in Ranged Weapons
  2542 | D:3      | Reached XP level 5. HP: 31/37 MP: 6/6
  2849 | D:3      | Noticed a black bear
  2862 | D:3      | HP: 1/37 [adder (3)]
  2863 | D:3      | Slain by an adder

Illustrated notes

Levels and vault maps discovered:
D:1:      mrwooster_arrival_arrow, layout_basic
D:2:      minmay_spotlight, layout_basic, basic_altar, minmay_pentomino_r4
D:3:      layout_loops_corners, nicolae_overflow_ecumenical_swirl,
          gup_sewer_entry_spiral, serial_glass, glass_columns_c,
          glass_columns_b, corexii_item_surrounded_by_moat

Skill      XL: |  1  2  3  4 |
---------------+-------------+-----
Ranged Weapons | 3 4 |  4.6
Fighting       | |  1.5
Dodging        | |  2.5
Stealth        | |  0.2
Spellcasting   | |  1.1
Hexes          | |  3.3
Translocations | |  0.3

Action                     |  1- 3 |  4- 6 || total
---------------------------+-------+-------++-------
  Melee: Dagger            |       |    23 ||    23
   Fire: Sling             |   107 |    71 ||   178
   Cast: Portal Projectile |     3 |     7 ||    10
         Slow              |       |     1 ||     1
Ability: Whirlwind         |       |     3 ||     3
         Lunge             |       |     1 ||     1
    Use: Scroll            |     1 |     5 ||     6
         Potion            |       |     1 ||     1
 Armour: Robe              |    11 |     6 ||    17
  Dodge: Dodged            |    36 |    32 ||    68
